MID
QUAD CITIES RIVER BANDITS @ WEST MICHIGAN WHITECAPS
04/29/2044
 
TOP OF THE 1ST
Quad Cities River Bandits batting - Pitching for West Michigan Whitecaps : RHP Jared Barger
Pitching: RHP Jared Barger
Batting: LHB Kelvin Jones 0-0: Ball
1-0: Called Strike
1-1: Foul Ball, location: 2F
1-2: DOUBLE (Line Drive, 7LD, EV 105.0 MPH)
Batting: RHB Matt Parker 0-0: Ball
1-0: Ball
2-0: Foul Ball, location: 2F
2-1: Swinging Strike
2-2: Ball
3-2: SINGLE (Line Drive, 9S, EV 88.8 MPH)
Kelvin Jones to third
Batting: LHB Doug Anderson 0-0: Ball
1-0: Called Strike
Matt Parker steals 2nd base
1-1: Foul Ball, location: 2F
1-2: Foul Ball, location: 2F
1-2: Ground out 4-3 (Groundball, 34D, EV 88.1 MPH)
Kelvin Jones scores
Matt Parker to third
Batting: RHB Pete Isley 0-0: Called Strike
0-1: DOUBLE (Line Drive, 89XD, EV 109.4 MPH)
Matt Parker scores
Batting: RHB Raul Sanchez 0-0: Foul Ball, location: 2F
0-1: Ball
1-1: Ground out 5-3 (Groundball, 56S, EV 68.8 MPH)
Pete Isley to third
Batting: SHB Paskar Adegoke 0-0: Foul Ball, location: 2F
0-1: Ball
1-1: Ball
2-1: Ground out U3 (Groundball, 3, EV 99.4 MPH)
Top of the 1st over - 2 runs, 3 hits, 0 errors, 1 left on base; Quad Cities 2 - West Michigan 0
BOTTOM OF THE 1ST
West Michigan Whitecaps batting - Pitching for Quad Cities River Bandits : RHP Bill Garcia
Pitching: RHP Bill Garcia
Batting: LHB Jeff Trapp 0-0: Ball
1-0: Ground out 4-3 (Groundball, 34D, EV 86.3 MPH)
Batting: RHB Aaron Cusick 0-0: Ball
1-0: DOUBLE (Flyball, 78D, EV 111.3 MPH)
Batting: RHB Dan Becvar 0-0: Foul Ball, location: 2F
0-1: Foul Ball, location: 2F
0-2: Strikes out swinging
Batting: RHB Bill Cabrera 0-0: Foul Ball, location: 2F
0-1: Ball
1-1: Ball
2-1: Ground out U3 (Groundball, 34S, EV 83.8 MPH)
Bottom of the 1st over - 0 runs, 1 hit, 0 errors, 1 left on base; Quad Cities 2 - West Michigan 0
TOP OF THE 2ND
Quad Cities River Bandits batting - Pitching for West Michigan Whitecaps : RHP Jared Barger
Batting: RHB Joe Cook 0-0: Ground out 5-3 (Groundball, 5, EV 93.1 MPH)
Batting: RHB Colin Cranford 0-0: Ball
1-0: Called Strike
1-1: Foul Ball, location: 2F
1-2: Ball
2-2: Strikes out swinging
Batting: RHB Steve Moore 0-0: Called Strike
0-1: Called Strike
0-2: Strikes out swinging
Top of the 2nd over - 0 runs, 0 hits, 0 errors, 0 left on base; Quad Cities 2 - West Michigan 0
BOTTOM OF THE 2ND
West Michigan Whitecaps batting - Pitching for Quad Cities River Bandits : RHP Bill Garcia
Batting: RHB Jon Pierce 0-0: Called Strike
0-1: Called Strike
0-2: Ball
1-2: Ball
2-2: Ball
3-2: Strikes out looking
Batting: RHB Jordan Hall 0-0: Fly out, F2 (Popup, 23F, EV 93.1 MPH)
Batting: RHB Sergio Valbuena 0-0: Called Strike
0-1: Ball
1-1: Called Strike
1-2: Ball
2-2: Foul Ball, location: 2F
2-2: Foul Ball, location: 2F
2-2: Fly out, F9 (Flyball, 9LM, EV 73.1 MPH)
Bottom of the 2nd over - 0 runs, 0 hits, 0 errors, 0 left on base; Quad Cities 2 - West Michigan 0
TOP OF THE 3RD
Quad Cities River Bandits batting - Pitching for West Michigan Whitecaps : RHP Jared Barger
Batting: LHB Kelvin Jones 0-0: Called Strike
0-1: Ball
1-1: Ball
2-1: Called Strike
2-2: Foul Ball, location: 2F
2-2: Foul Ball, location: 2F
2-2: Foul Ball, location: 2F
2-2: Ball
3-2: Strikes out swinging
Batting: RHB Matt Parker 0-0: Ground out 5-3 (Groundball, 25, EV 89.4 MPH)
Batting: LHB Doug Anderson 0-0: Ball
1-0: Foul Ball, location: 2F
1-1: Foul Ball, location: 2F
1-2: SINGLE (Groundball, 34, EV 106.3 MPH)
Batting: RHB Pete Isley 0-0: Called Strike
0-1: Swinging Strike
0-2: Ball
Doug Anderson is caught stealing 2nd base 2-4
Top of the 3rd over - 0 runs, 1 hit, 0 errors, 0 left on base; Quad Cities 2 - West Michigan 0
BOTTOM OF THE 3RD
West Michigan Whitecaps batting - Pitching for Quad Cities River Bandits : RHP Bill Garcia
Batting: RHB Rocky Hart 0-0: Ball
1-0: Foul Ball, location: 2F
1-1: Called Strike
1-2: Strikes out swinging
Batting: RHB John Welch 0-0: Swinging Strike
0-1: Ball
1-1: Ground out 4-3 (Groundball, 4M, EV 101.9 MPH)
Batting: LHB Jeff Trapp 0-0: Swinging Strike
0-1: Ball
1-1: Ball
2-1: Swinging Strike
2-2: SINGLE (Groundball, 3S, EV 71.9 MPH) (infield hit)
Batting: RHB Aaron Cusick 0-0: Called Strike
0-1: Swinging Strike
0-2: Ball
1-2: SINGLE (Flyball, 7LS, EV 88.8 MPH)
Jeff Trapp to second
Batting: RHB Dan Becvar 0-0: Ball
1-0: Foul Ball, location: 2F
1-1: Called Strike
1-2: Foul Ball, location: 2F
1-2: Ball
2-2: Strikes out swinging
Bottom of the 3rd over - 0 runs, 2 hits, 0 errors, 2 left on base; Quad Cities 2 - West Michigan 0
TOP OF THE 4TH
Quad Cities River Bandits batting - Pitching for West Michigan Whitecaps : RHP Jared Barger
Batting: RHB Pete Isley 0-0: Ground out 6-3 (Groundball, 6, EV 81.9 MPH)
Batting: RHB Raul Sanchez 0-0: Called Strike
0-1: Foul Ball, location: 2F
0-2: Ball
1-2: Strikes out looking
Batting: SHB Paskar Adegoke 0-0: Ground out 4-3 (Groundball, 4, EV 83.1 MPH)
Top of the 4th over - 0 runs, 0 hits, 0 errors, 0 left on base; Quad Cities 2 - West Michigan 0
BOTTOM OF THE 4TH
West Michigan Whitecaps batting - Pitching for Quad Cities River Bandits : RHP Bill Garcia
Batting: RHB Bill Cabrera 0-0: Ball
1-0: Foul Ball, location: 2F
1-1: Foul Ball, location: 2F
1-2: Ball
2-2: Strikes out looking
Batting: RHB Jon Pierce 0-0: Ground out U3 (Groundball, 3, EV 80.6 MPH)
Batting: RHB Jordan Hall 0-0: Foul Ball, location: 2F
0-1: Foul Ball, location: 2F
0-2: Ball
1-2: Ground out 3-1 (Groundball, 34, EV 89.4 MPH)
Bottom of the 4th over - 0 runs, 0 hits, 0 errors, 0 left on base; Quad Cities 2 - West Michigan 0
TOP OF THE 5TH
Quad Cities River Bandits batting - Pitching for West Michigan Whitecaps : RHP Jared Barger
Batting: RHB Joe Cook 0-0: Called Strike
0-1: Called Strike
0-2: Strikes out swinging
Batting: RHB Colin Cranford 0-0: Called Strike
0-1: Ball
1-1: SOLO HOME RUN (Flyball, 7D, EV 100.0 MPH), Distance : 367 ft
Batting: RHB Steve Moore 0-0: Swinging Strike
0-1: Swinging Strike
0-2: Strikes out swinging
Batting: LHB Kelvin Jones 0-0: Ball
1-0: DOUBLE (Groundball, 3L, EV 101.9 MPH)
Batting: RHB Matt Parker 0-0: Ball
1-0: Called Strike
1-1: Called Strike
1-2: Ball
2-2: Strikes out looking
Top of the 5th over - 1 run, 2 hits, 0 errors, 1 left on base; Quad Cities 3 - West Michigan 0
BOTTOM OF THE 5TH
West Michigan Whitecaps batting - Pitching for Quad Cities River Bandits : RHP Bill Garcia
Batting: RHB Sergio Valbuena 0-0: Ball
1-0: Foul Ball, location: 2F
1-1: Swinging Strike
1-2: Strikes out swinging
Batting: RHB Rocky Hart 0-0: Called Strike
0-1: Ball
1-1: Swinging Strike
1-2: Ball
2-2: Ball
3-2: Strikes out swinging
Batting: RHB John Welch 0-0: Ball
1-0: Called Strike
1-1: Ball
2-1: Foul Ball, location: 2F
2-2: Foul Ball, location: 2F
2-2: Ground out 6-3 (Groundball, 6M, EV 89.4 MPH)
Bottom of the 5th over - 0 runs, 0 hits, 0 errors, 0 left on base; Quad Cities 3 - West Michigan 0
TOP OF THE 6TH
Quad Cities River Bandits batting - Pitching for West Michigan Whitecaps : RHP Jared Barger
Batting: LHB Doug Anderson 0-0: Called Strike
0-1: Foul Ball, location: 2F
0-2: Ball
1-2: SINGLE (Flyball, 56D, EV 97.5 MPH)
Batting: RHB Pete Isley 0-0: Fielders Choice at 2nd, 6-4 (Groundball, 6, EV 105.0 MPH)
Batting: RHB Raul Sanchez 0-0: Swinging Strike
0-1: Ball
1-1: Fielders Choice at 2nd, 2-4 (Groundball, 2L, EV 73.1 MPH)
Batting: SHB Paskar Adegoke 0-0: Ball
1-0: Swinging Strike
1-1: Ball
2-1: Called Strike
2-2: Fly out, F9 (Flyball, 9S, EV 87.5 MPH)
Top of the 6th over - 0 runs, 1 hit, 0 errors, 1 left on base; Quad Cities 3 - West Michigan 0
BOTTOM OF THE 6TH
West Michigan Whitecaps batting - Pitching for Quad Cities River Bandits : RHP Bill Garcia
Batting: LHB Jeff Trapp 0-0: Foul Ball, location: 2F
0-1: Ball
1-1: Called Strike
1-2: Foul Ball, location: 2F
1-2: Strikes out looking
Batting: RHB Aaron Cusick 0-0: Ball
1-0: Foul Ball, location: 2F
1-1: Fly out, F7 (Flyball, 78S, EV 84.4 MPH)
Batting: RHB Dan Becvar 0-0: Called Strike
0-1: Called Strike
0-2: Strikes out looking
Bottom of the 6th over - 0 runs, 0 hits, 0 errors, 0 left on base; Quad Cities 3 - West Michigan 0
TOP OF THE 7TH
Quad Cities River Bandits batting - Pitching for West Michigan Whitecaps : RHP Jared Barger
Batting: RHB Joe Cook 0-0: Ball
1-0: Called Strike
1-1: Ground out 4-3 (Groundball, 4, EV 102.5 MPH)
Batting: RHB Colin Cranford 0-0: Foul Ball, location: 2F
0-1: Ball
1-1: Foul Ball, location: 2F
1-2: Foul Ball, location: 2F
1-2: Foul Ball, location: 2F
1-2: Ball
2-2: Strikes out swinging
Batting: RHB Steve Moore 0-0: Ball
1-0: Swinging Strike
1-1: Fly out, F7 (Flyball, 7D, EV 107.5 MPH)
Top of the 7th over - 0 runs, 0 hits, 0 errors, 0 left on base; Quad Cities 3 - West Michigan 0
BOTTOM OF THE 7TH
West Michigan Whitecaps batting - Pitching for Quad Cities River Bandits : RHP Bill Garcia
Batting: RHB Bill Cabrera 0-0: Swinging Strike
0-1: Foul Ball, location: 2F
0-2: Ball
1-2: Hit by Pitch
Batting: RHB Jon Pierce 0-0: Called Strike
0-1: Foul Ball, location: 2F
0-2: Ball
1-2: Ball
2-2: 2-RUN HOME RUN (Flyball, 7LD, EV 95.6 MPH), Distance : 354 ft
Batting: RHB Jordan Hall 0-0: Foul Ball, location: 2F
0-1: Ball
1-1: DOUBLE (Line Drive, 7LM, EV 94.4 MPH)
Batting: RHB Sergio Valbuena 0-0: Ball
1-0: Foul Ball, location: 2F
1-1: Foul Ball, location: 2F
1-2: Fly out, F8 (Flyball, 8RD, EV 92.5 MPH)
Batting: RHB Rocky Hart 0-0: Ball
1-0: Swinging Strike
1-1: Hit by Pitch
Pitching: RHP Jayson Campbell
Batting: RHB John Welch 0-0: SINGLE (Line Drive, 56D, EV 96.9 MPH)
Jordan Hall to third
Rocky Hart to second
Batting: LHB Jeff Trapp 0-0: Grounds into fielders choice 3-2 (Groundball, 3L, EV 106.9 MPH)
Rocky Hart to third
John Welch to second
Batting: RHB Aaron Cusick 0-0: Called Strike
0-1: Swinging Strike
0-2: Ball
1-2: Fielders Choice at 2nd, 6-4 (Groundball, 6, EV 105.6 MPH)
Bottom of the 7th over - 2 runs, 3 hits, 0 errors, 3 left on base; Quad Cities 3 - West Michigan 2
TOP OF THE 8TH
Quad Cities River Bandits batting - Pitching for West Michigan Whitecaps : RHP Jared Barger
Pitching: RHP Vic Flores
Batting: LHB Kelvin Jones 0-0: Ball
1-0: Ball
2-0: Called Strike
2-1: Ball
3-1: Called Strike
3-2: Base on Balls
Batting: RHB Matt Parker 0-0: Ball
1-0: Bunted foul
1-1: Reached on error, E2 (Groundball, 2L, EV 43.8 MPH)
Kelvin Jones to third
Batting: LHB Doug Anderson 0-0: Intentional Walk
Batting: RHB Pete Isley 0-0: Called Strike
0-1: Ball
1-1: Foul Ball, location: 2F
1-2: Fly out, F7 (Line Drive, 7D, EV 86.9 MPH)
Runner from 3rd tags up, SCORES, no throw by LF
Matt Parker to third
Batting: RHB Raul Sanchez 0-0: Fly out, F9 (Flyball, 9LD, EV 91.3 MPH)
Runner from 3rd tags up, SCORES, no throw by RF
Batting: SHB Paskar Adegoke 0-0: Ball
1-0: Ball
Doug Anderson steals 2nd base
2-0: Swinging Strike
2-1: Foul Ball, location: 2F
2-2: Strikes out swinging
Top of the 8th over - 2 runs, 0 hits, 1 error, 1 left on base; Quad Cities 5 - West Michigan 2
BOTTOM OF THE 8TH
West Michigan Whitecaps batting - Pitching for Quad Cities River Bandits : RHP Jayson Campbell
Batting: RHB Dan Becvar 0-0: Ball
1-0: Fly out, F4 (Popup, 3S, EV 78.8 MPH)
Batting: RHB Bill Cabrera 0-0: Ball
1-0: Ball
2-0: Ball
3-0: Called Strike
3-1: Base on Balls
Batting: RHB Jon Pierce 0-0: Foul Ball, location: 2F
0-1: Ball
1-1: Ball
2-1: Foul Ball, location: 2F
2-2: Fly out, F5 (Flyball, 5D, EV 72.5 MPH)
Batting: RHB Jordan Hall 0-0: Foul Ball, location: 2F
0-1: Ball
1-1: Ball
2-1: Called Strike
2-2: Fielders Choice at 2nd, U4 (Groundball, 4M, EV 103.8 MPH)
Bottom of the 8th over - 0 runs, 0 hits, 0 errors, 1 left on base; Quad Cities 5 - West Michigan 2
TOP OF THE 9TH
Quad Cities River Bandits batting - Pitching for West Michigan Whitecaps : RHP Vic Flores
Pitching: RHP Nate Mull
Batting: RHB Joe Cook 0-0: TRIPLE (Flyball, 78XD, EV 96.9 MPH)
Batting: RHB Colin Cranford 0-0: Called Strike
0-1: Called Strike
0-2: Ball
1-2: Ball
2-2: Foul Ball, location: 2F
2-2: Strikes out looking
Batting: RHB Steve Moore 0-0: Foul Ball, location: 2F
0-1: Ground out 5-3 (Groundball, 5, EV 81.9 MPH)
Batting: LHB Kelvin Jones 0-0: Foul Ball, location: 2F
0-1: Ground out 6-3 (Groundball, 6, EV 91.9 MPH)
Top of the 9th over - 0 runs, 1 hit, 0 errors, 1 left on base; Quad Cities 5 - West Michigan 2
BOTTOM OF THE 9TH
West Michigan Whitecaps batting - Pitching for Quad Cities River Bandits : RHP Jayson Campbell
Pitching: RHP Ray Leuthauser
Batting: RHB Sergio Valbuena 0-0: Ball
1-0: Ball
2-0: SINGLE (Line Drive, 8RS, EV 105.6 MPH)
Batting: RHB Rocky Hart 0-0: Ball
1-0: Ball
2-0: Called Strike
2-1: Fly out, F9 (Flyball, 89S, EV 94.4 MPH)
Batting: RHB John Welch 0-0: Fly out, F5 (Popup, 56, EV 78.1 MPH)
Batting: LHB Jeff Trapp 0-0: Ball
1-0: Foul Ball, location: 2F
1-1: Ball
2-1: Foul Ball, location: 2F
2-2: Ball
3-2: Base on Balls
Sergio Valbuena to second
Batting: RHB Aaron Cusick 0-0: Called Strike
0-1: Called Strike
0-2: Fly out, F5 (Popup, 56S, EV 88.8 MPH)
Bottom of the 9th over - 0 runs, 1 hit, 0 errors, 2 left on base; Quad Cities 5 - West Michigan 2
Thursday, March 31st , 2022 - OOTP Baseball 22.12 Build 89